| TOP OF THE 1ST |
|
Baltimore Orioles batting - Pitching for Miami Marlins : RHP Bo Chia
|
|
Pitching: RHP Bo Chia
|
|
|
Batting: RHB Blake Ballard
|
0-0: Ball 1-0: Called Strike 1-1: SINGLE (Groundball, 56S, EV 66.9 MPH) (infield hit)
|
|
Batting: LHB Jesus Lozano
|
0-0: Swinging Strike 0-1: Ball 1-1: Ball 2-1: Ball 3-1: Swinging Strike 3-2: Strikes out swinging Blake Ballard is caught stealing 2nd base 2-6 Batter strikes out.
|
|
Batting: RHB Rudo Garciaparra
|
0-0: Ball 1-0: Swinging Strike 1-1: Foul Ball, location: 2F 1-2: Fly out, F7 (Flyball, 7S, EV 79.4 MPH)
|
| Top of the 1st over - 0 runs, 1 hit, 0 errors, 0 left on base; Baltimore 0 - Miami 0 |
| BOTTOM OF THE 1ST |
|
Miami Marlins batting - Pitching for Baltimore Orioles : RHP Kevin Cushman
|
|
Pitching: RHP Kevin Cushman
|
|
|
Batting: SHB Ramon Martinez
|
0-0: Ball 1-0: Called Strike 1-1: Ball 2-1: Foul Ball, location: 2F 2-2: Foul Ball, location: 2F 2-2: Foul Ball, location: 2F 2-2: Ground out 4-3 (Groundball, 4, EV 81.9 MPH)
|
|
Batting: RHB Mike Gar
|
0-0: Called Strike 0-1: Foul Ball, location: 2F 0-2: Foul Ball, location: 2F 0-2: Strikes out looking
|
|
Batting: LHB Andre Gorter
|
0-0: Ball 1-0: Foul Ball, location: 2F 1-1: Fly out, F7 (Flyball, 7, EV 89.4 MPH)
|
| Bottom of the 1st over - 0 runs, 0 hits, 0 errors, 0 left on base; Baltimore 0 - Miami 0 |
| TOP OF THE 2ND |
|
Baltimore Orioles batting - Pitching for Miami Marlins : RHP Bo Chia
|
|
Batting: RHB Saimei Kudo
|
0-0: Ball 1-0: Swinging Strike 1-1: Swinging Strike 1-2: Foul Ball, location: 2F 1-2: Ball 2-2: Ball 3-2: Base on Balls
|
|
Batting: SHB Robert Handy
|
0-0: Called Strike 0-1: Ball 1-1: Fly out, F8 (Flyball, 8RM, EV 86.2 MPH)
|
|
Batting: RHB Randy Johnson Jr.
|
0-0: Ball 1-0: Grounds into double play, 6-4-3 (Groundball, 6, EV 88.1 MPH)
|
| Top of the 2nd over - 0 runs, 0 hits, 0 errors, 0 left on base; Baltimore 0 - Miami 0 |
| BOTTOM OF THE 2ND |
|
Miami Marlins batting - Pitching for Baltimore Orioles : RHP Kevin Cushman
|
|
Batting: RHB Jimmy Groseclose
|
0-0: Ball 1-0: Fly out, F9 (Flyball, 9D, EV 107.5 MPH)
|
|
Batting: RHB Micah Christopher
|
0-0: Ball 1-0: Fly out, F1 (Line Drive, P, EV 73.1 MPH)
|
|
Batting: RHB Mark Barger
|
0-0: Ball 1-0: Fly out, F9 (Flyball, 9LD, EV 83.8 MPH)
|
| Bottom of the 2nd over - 0 runs, 0 hits, 0 errors, 0 left on base; Baltimore 0 - Miami 0 |
| TOP OF THE 3RD |
|
Baltimore Orioles batting - Pitching for Miami Marlins : RHP Bo Chia
|
|
Batting: RHB Mike Hayward
|
0-0: Foul Ball, location: 2F 0-1: Hit by Pitch
|
|
Batting: LHB Gabe Pace
|
0-0: Ball 1-0: Fly out, F9 (Line Drive, 9S, EV 93.8 MPH)
|
|
Batting: RHB Andres Leon
|
0-0: Foul Ball, location: 2F 0-1: Swinging Strike 0-2: Ball 1-2: Foul Ball, location: 2F 1-2: Ball 2-2: Ball 3-2: Foul Ball, location: 2F 3-2: Base on Balls Mike Hayward to second
|
|
Batting: RHB Blake Ballard
|
0-0: Fly out, F7 (Flyball, 7LS, EV 78.1 MPH)
|
|
Batting: LHB Jesus Lozano
|
0-0: Ball 1-0: Swinging Strike 1-1: Ball 2-1: Called Strike 2-2: Ball 3-2: Strikes out swinging
|
| Top of the 3rd over - 0 runs, 0 hits, 0 errors, 2 left on base; Baltimore 0 - Miami 0 |
| BOTTOM OF THE 3RD |
|
Miami Marlins batting - Pitching for Baltimore Orioles : RHP Kevin Cushman
|
|
Batting: RHB Steve Barnard
|
0-0: Ball 1-0: Swinging Strike 1-1: Swinging Strike 1-2: Ball 2-2: Foul Ball, location: 2F 2-2: Strikes out swinging, 2-3 out at first.
|
|
Batting: RHB Justin Huff
|
0-0: Ball 1-0: Ball 2-0: Called Strike 2-1: Foul Ball, location: 2F 2-2: Ground out 4-3 (Groundball, 4, EV 98.1 MPH)
|
|
Batting: RHB Alex Munoz
|
0-0: Called Strike 0-1: Reached on error, E6 (Groundball, 6, EV 86.9 MPH)
|
|
Batting: SHB Ramon Martinez
|
0-0: Swinging Strike 0-1: Fielders Choice at 2nd, 5-4 (Groundball, 5, EV 88.1 MPH)
|
| Bottom of the 3rd over - 0 runs, 0 hits, 1 error, 1 left on base; Baltimore 0 - Miami 0 |
| TOP OF THE 4TH |
|
Baltimore Orioles batting - Pitching for Miami Marlins : RHP Bo Chia
|
|
Batting: RHB Rudo Garciaparra
|
0-0: Called Strike 0-1: Ball 1-1: Foul Ball, location: 2F 1-2: Ball 2-2: Ball 3-2: Foul Ball, location: 2F 3-2: Foul Ball, location: 2F 3-2: Base on Balls
|
|
Batting: RHB Saimei Kudo
|
0-0: Foul Ball, location: 2F 0-1: SINGLE (Flyball, 4MD, EV 89.4 MPH) Rudo Garciaparra to second
|
|
Batting: SHB Robert Handy
|
0-0: SINGLE (Groundball, 34D, EV 105.6 MPH) Rudo Garciaparra to third Saimei Kudo to second Runner from 3rd tries for Home, SAFE, throw by RF to home Saimei Kudo to third Robert Handy to second
|
|
Batting: RHB Randy Johnson Jr.
|
0-0: Ball 1-0: Fly out, F9 (Flyball, 9S, EV 90.6 MPH) Runner from 3rd tags up, SCORES, throw by RF Robert Handy to third
|
|
Batting: RHB Mike Hayward
|
0-0: Called Strike 0-1: SINGLE (Line Drive, 89S, EV 108.1 MPH) Robert Handy scores
|
|
Batting: LHB Gabe Pace
|
0-0: Foul Ball, location: 2F 0-1: Foul Ball, location: 2F 0-2: Ball 1-2: Foul Ball, location: 2F 1-2: Foul Ball, location: 2F 1-2: Ball 2-2: Ball 3-2: Base on Balls Mike Hayward to second
|
|
Batting: RHB Andres Leon
|
0-0: Fly out, F8 (Flyball, 8LM, EV 92.5 MPH)
|
|
Batting: RHB Blake Ballard
|
0-0: Ball 1-0: Called Strike 1-1: Foul Ball, location: 2F 1-2: SINGLE (Groundball, 56D, EV 100.0 MPH) Mike Hayward to third Gabe Pace to second Throwing error, E7 Mike Hayward scores Gabe Pace to third Blake Ballard to second
|
|
Batting: LHB Jesus Lozano
|
0-0: Ground out 5-3 (Groundball, 6S, EV 68.1 MPH)
|
| Top of the 4th over - 4 runs, 4 hits, 1 error, 2 left on base; Baltimore 4 - Miami 0 |
| BOTTOM OF THE 4TH |
|
Miami Marlins batting - Pitching for Baltimore Orioles : RHP Kevin Cushman
|
|
Batting: RHB Mike Gar
|
0-0: Ball 1-0: Ball 2-0: Foul Ball, location: 2F 2-1: Ball 3-1: Called Strike 3-2: Base on Balls
|
|
Batting: LHB Andre Gorter
|
0-0: Ball 1-0: 2-RUN HOME RUN (Line Drive, 8RXD, EV 115.0 MPH), Distance : 451 ft
|
|
Batting: RHB Jimmy Groseclose
|
0-0: Ball 1-0: Ball 2-0: Called Strike 2-1: Foul Ball, location: 2F 2-2: Foul Ball, location: 2F 2-2: Ball 3-2: Base on Balls
|
|
Batting: RHB Micah Christopher
|
0-0: Ball 1-0: Called Strike 1-1: Foul Ball, location: 2F 1-2: Ball 2-2: DOUBLE (Line Drive, 5D, EV 103.8 MPH) Jimmy Groseclose to third
|
|
Batting: RHB Mark Barger
|
0-0: Swinging Strike 0-1: Ball 1-1: DOUBLE (Line Drive, 8LXD, EV 102.5 MPH) Jimmy Groseclose scores Micah Christopher scores
|
|
Batting: RHB Steve Barnard
|
0-0: Bunt missed! 0-1: Sac Bunt to 3S - play at third, runner OUT! 3-5
|
|
Batting: RHB Justin Huff
|
0-0: Called Strike 0-1: Ball 1-1: Fly out, F3 (Popup, 34, EV 69.4 MPH)
|
|
Batting: RHB Alex Munoz
|
0-0: Foul Ball, location: 2F 0-1: Ball 1-1: Ground out 4-3 (Groundball, 4, EV 103.8 MPH)
|
| Bottom of the 4th over - 4 runs, 3 hits, 0 errors, 1 left on base; Baltimore 4 - Miami 4 |
| TOP OF THE 5TH |
|
Baltimore Orioles batting - Pitching for Miami Marlins : RHP Bo Chia
|
|
Batting: RHB Rudo Garciaparra
|
0-0: Ball 1-0: SINGLE (Line Drive, 5D, EV 96.9 MPH)
|
|
Batting: RHB Saimei Kudo
|
0-0: Foul Ball, location: 2F 0-1: Swinging Strike 0-2: Ball 1-2: Foul Ball, location: 2F 1-2: Ball 2-2: SINGLE (Line Drive, 56D, EV 99.4 MPH) Rudo Garciaparra to second
|
|
Batting: SHB Robert Handy
|
0-0: Foul Ball, location: 2F 0-1: Foul Ball, location: 2F 0-2: Ball 1-2: Ball 2-2: Grounds into double play, 6-4-3 (Groundball, 6M, EV 79.4 MPH) Rudo Garciaparra to third
|
|
Batting: RHB Randy Johnson Jr.
|
0-0: Fly out, F8 (Flyball, 8RM, EV 88.1 MPH)
|
| Top of the 5th over - 0 runs, 2 hits, 0 errors, 1 left on base; Baltimore 4 - Miami 4 |
| BOTTOM OF THE 5TH |
|
Miami Marlins batting - Pitching for Baltimore Orioles : RHP Kevin Cushman
|
|
Batting: SHB Ramon Martinez
|
0-0: Ball 1-0: Fly out, F9 (Line Drive, 9, EV 103.1 MPH)
|
|
Batting: RHB Mike Gar
|
0-0: Ball 1-0: Called Strike 1-1: Called Strike 1-2: Foul Ball, location: 2F 1-2: Ball 2-2: Foul Ball, location: 2F 2-2: Ball 3-2: Base on Balls
|
|
Batting: LHB Andre Gorter
|
0-0: Called Strike 0-1: Foul Ball, location: 2F 0-2: Ball 1-2: Ball Mike Gar is caught stealing 2nd base 2-6 2-2: Ball 3-2: Foul Ball, location: 2F 3-2: Foul Ball, location: 2F 3-2: Strikes out swinging
|
| Bottom of the 5th over - 0 runs, 0 hits, 0 errors, 0 left on base; Baltimore 4 - Miami 4 |
| TOP OF THE 6TH |
|
Baltimore Orioles batting - Pitching for Miami Marlins : RHP Bo Chia
|
|
Batting: RHB Mike Hayward
|
0-0: Ball 1-0: Ball 2-0: Called Strike 2-1: Ball 3-1: Base on Balls
|
|
Batting: LHB Gabe Pace
|
0-0: Ball 1-0: Ball 2-0: Foul Ball, location: 2F 2-1: Fly out, F9 (Flyball, 9D, EV 103.8 MPH)
|
|
Batting: RHB Andres Leon
|
0-0: Ball 1-0: Ball Wild Pitch! Mike Hayward to second 2-0: Called Strike 2-1: Ground out 4-3 (Groundball, 4M, EV 86.9 MPH) Mike Hayward to third
|
|
Batting: RHB Blake Ballard
|
0-0: Ball 1-0: Ground out 6-3 (Groundball, 56, EV 100.6 MPH)
|
| Top of the 6th over - 0 runs, 0 hits, 0 errors, 1 left on base; Baltimore 4 - Miami 4 |
| BOTTOM OF THE 6TH |
|
Miami Marlins batting - Pitching for Baltimore Orioles : RHP Kevin Cushman
|
|
Batting: RHB Jimmy Groseclose
|
0-0: Ball 1-0: Called Strike 1-1: Called Strike 1-2: Foul Ball, location: 2F 1-2: Strikes out looking
|
|
Batting: RHB Micah Christopher
|
0-0: Called Strike 0-1: Ground out 6-3 (Groundball, 6, EV 91.2 MPH)
|
|
Batting: RHB Mark Barger
|
0-0: Ball 1-0: Foul Ball, location: 2F 1-1: Ball 2-1: Foul Ball, location: 2F 2-2: Ball 3-2: Base on Balls
|
|
Batting: RHB Steve Barnard
|
0-0: Called Strike 0-1: Called Strike 0-2: Ball 1-2: SINGLE (Flyball, 3D, EV 92.5 MPH) Mark Barger to second Runner from 2nd tries for 3rd, SAFE, throw by RF made to third
|
|
Batting: RHB Justin Huff
|
0-0: Foul Ball, location: 2F 0-1: Ball 1-1: Fly out, F2 (Popup, 23F, EV 86.2 MPH)
|
| Bottom of the 6th over - 0 runs, 1 hit, 0 errors, 2 left on base; Baltimore 4 - Miami 4 |
| TOP OF THE 7TH |
|
Baltimore Orioles batting - Pitching for Miami Marlins : RHP Bo Chia
|
|
Pitching: RHP Ray Duncan
|
|
|
Batting: LHB Jesus Lozano
|
0-0: Ball 1-0: Called Strike 1-1: Ball 2-1: Swinging Strike 2-2: Strikes out swinging
|
|
Batting: RHB Rudo Garciaparra
|
0-0: Ball 1-0: Ball 2-0: Swinging Strike 2-1: Swinging Strike 2-2: Foul Ball, location: 2F 2-2: Ball 3-2: Strikes out swinging
|
|
Batting: RHB Saimei Kudo
|
0-0: Foul Ball, location: 2F 0-1: Called Strike 0-2: Ground out 6-3 (Groundball, 6, EV 86.2 MPH)
|
| Top of the 7th over - 0 runs, 0 hits, 0 errors, 0 left on base; Baltimore 4 - Miami 4 |
| BOTTOM OF THE 7TH |
|
Miami Marlins batting - Pitching for Baltimore Orioles : RHP Kevin Cushman
|
|
Pitching: RHP Jay Rapini
|
|
|
Batting: RHB Alex Munoz
|
0-0: Ball 1-0: Swinging Strike 1-1: Fly out, F7 (Line Drive, 7, EV 105.6 MPH)
|
|
Batting: SHB Ramon Martinez
|
0-0: Ball 1-0: Ball 2-0: Foul Ball, location: 2F 2-1: Ball 3-1: Called Strike 3-2: Strikes out swinging
|
|
Batting: RHB Mike Gar
|
0-0: Called Strike 0-1: Foul Ball, location: 2F 0-2: Ball 1-2: DOUBLE (Flyball, 89D, EV 88.8 MPH)
|
|
Batting: LHB Andre Gorter
|
0-0: Foul Ball, location: 2F 0-1: Ball 1-1: Swinging Strike 1-2: Foul Ball, location: 2F 1-2: Foul Ball, location: 2F 1-2: Ball 2-2: Foul Ball, location: 2F 2-2: SINGLE (Groundball, 4MS, EV 62.5 MPH) (infield hit) Mike Gar to third
|
|
Batting: RHB Jimmy Groseclose
|
0-0: SINGLE (Line Drive, 9S, EV 91.9 MPH) Mike Gar scores Andre Gorter to second Runner from 2nd tries for 3rd, SAFE, throw by RF made to third
|
|
Batting: RHB Micah Christopher
|
0-0: Called Strike 0-1: Swinging Strike 0-2: Ball 1-2: Ball 2-2: Foul Ball, location: 2F 2-2: Fielders Choice at 2nd, 6-4 (Groundball, 6, EV 106.2 MPH)
|
| Bottom of the 7th over - 1 run, 3 hits, 0 errors, 2 left on base; Baltimore 4 - Miami 5 |
| TOP OF THE 8TH |
|
Baltimore Orioles batting - Pitching for Miami Marlins : RHP Ray Duncan
|
|
Batting: SHB Robert Handy
|
0-0: Called Strike 0-1: Ball 1-1: Foul Ball, location: 2F 1-2: Strikes out swinging
|
|
Batting: RHB Randy Johnson Jr.
|
0-0: Ground out 4-3 (Groundball, 6MD, EV 100.0 MPH)
|
|
Batting: RHB Mike Hayward
|
0-0: Called Strike 0-1: SINGLE (Groundball, 6MD, EV 106.2 MPH)
|
|
Batting: LHB Gabe Pace
|
0-0: Ball 1-0: Ball 2-0: Ball 3-0: Called Strike 3-1: Foul Ball, location: 2F 3-2: Strikes out swinging
|
| Top of the 8th over - 0 runs, 1 hit, 0 errors, 1 left on base; Baltimore 4 - Miami 5 |
| BOTTOM OF THE 8TH |
|
Miami Marlins batting - Pitching for Baltimore Orioles : RHP Jay Rapini
|
|
Pitching: RHP Bobby Marble
|
|
|
Batting: RHB Mark Barger
|
0-0: Ground out 4-3 (Groundball, 4, EV 83.1 MPH)
|
|
Batting: RHB Steve Barnard
|
0-0: Ball 1-0: Ball 2-0: Ground out 4-3 (Groundball, 4S, EV 83.1 MPH)
|
|
Batting: RHB Justin Huff
|
0-0: Ball 1-0: Called Strike 1-1: Ball 2-1: Foul Ball, location: 2F 2-2: Strikes out swinging
|
| Bottom of the 8th over - 0 runs, 0 hits, 0 errors, 0 left on base; Baltimore 4 - Miami 5 |
| TOP OF THE 9TH |
|
Baltimore Orioles batting - Pitching for Miami Marlins : RHP Ray Duncan
|
|
Pitching: RHP John Dinsmore
|
|
|
Batting: RHB Andres Leon
|
0-0: Called Strike 0-1: Ground out 4-3 (Groundball, 4M, EV 85.0 MPH)
|
|
Batting: RHB Blake Ballard
|
0-0: Ball 1-0: Ball 2-0: Ball 3-0: Base on Balls
|
|
Batting: LHB Jesus Lozano
|
0-0: Ball 1-0: Ball 2-0: Called Strike 2-1: Ball 3-1: Base on Balls Blake Ballard to second
|
|
Batting: RHB Rudo Garciaparra
|
0-0: Called Strike 0-1: SINGLE (Line Drive, 4MD, EV 97.5 MPH) Blake Ballard to third Jesus Lozano to second Runner from 3rd tries for Home, SAFE, throw by CF to home
|
|
Batting: RHB Saimei Kudo
|
0-0: Swinging Strike 0-1: Ball 1-1: Ball 2-1: Ball 3-1: SINGLE (Groundball, 6M, EV 101.2 MPH) (infield hit) Jesus Lozano to third Rudo Garciaparra to second
|
|
Batting: SHB Robert Handy
|
0-0: Ball 1-0: SINGLE (Groundball, 56, EV 94.4 MPH) Jesus Lozano scores Rudo Garciaparra to third Saimei Kudo to second Runner from 3rd tries for Home, SAFE, throw by LF to home
|
|
Batting: RHB Randy Johnson Jr.
|
0-0: Called Strike 0-1: Grounds into double play, 6-4-3 (Groundball, 6, EV 83.8 MPH)
|
| Top of the 9th over - 3 runs, 3 hits, 0 errors, 1 left on base; Baltimore 7 - Miami 5 |
| BOTTOM OF THE 9TH |
|
Miami Marlins batting - Pitching for Baltimore Orioles : RHP Bobby Marble
|
|
Pitching: RHP Riso Profanter
|
|
|
Now at 1B: Aldo Questi
|
|
|
Now at 2B: Jesse Basich
|
|
|
Now at 3B: John Loving
|
|
|
Now in LF: Gabe Pace
|
|
|
Now in CF: Marc Peckermark
|
|
|
Now in RF: Blake Ballard
|
|
|
Batting: RHB Alex Munoz
|
0-0: Fly out, F8 (Flyball, 8LD, EV 94.4 MPH)
|
|
Batting: SHB Ramon Martinez
|
0-0: Ball 1-0: Ball 2-0: Called Strike 2-1: Ball 3-1: Ground out U3 (Groundball, 3, EV 88.8 MPH)
|
|
Batting: RHB Mike Gar
|
0-0: Ball 1-0: Swinging Strike 1-1: Fly out, F5 (Line Drive, 5, EV 65.6 MPH)
|
| Bottom of the 9th over - 0 runs, 0 hits, 0 errors, 0 left on base; Baltimore 7 - Miami 5 |
|